 Dungeon Crawl Stone Soup version 0.17.1-3-g152610e (webtiles) character file.

79 KrozogBurug the Ogre Mage (level 4, 0/39 HPs)
             Began as an Ogre Wizard on Feb 27, 2016.
             Succumbed to miscasting Mephitic Cloud's residual poison
             ... on level 3 of the Dungeon.
             The game lasted 00:08:02 (1766 turns).

KrozogBurug the Ogre Mage (Ogre Wizard)             Turns: 1766, Time: 00:08:02

Health: 0/39       AC:  3    Str: 12    XL:     4   Next: 37%
Magic:  0/9        EV:  9    Int: 18    God:
Gold:   125        SH:  0    Dex:  8    Spells: 4 memorised, 1 level left

rFire  . . .     SeeInvis .     k - +1 flail (drain)
rCold  . . .     Clarity  .     a - +0 robe
rNeg   . . .     SustAt   .     (no shield)
rPois  .         Gourm    .     (helmet restricted)
rElec  .         Spirit   .     (no cloak)
rCorr  .         Warding  .     (gloves unavailable)
rMut   .         Stasis   .     (boots unavailable)
MR     .....                    (no amulet)
Stlth  +.........               (no ring)
                                (no ring)

@: lethally poisoned (0 -> -5), very slightly contaminated, not resistant to
hostile enchantments, very unstealthy
A: unfitting armour, tough skin 1
a: no special abilities


You were on level 3 of the Dungeon.
You were hungry.

You visited 1 branch of the dungeon, and saw 3 of its levels.

You collected 125 gold pieces.

Inventory:

Hand Weapons
 k - a +1 flail of draining (weapon)
 l - a +4 trident
Armour
 a - a +0 robe (worn)
Wands
 m - a wand of slowing (27)
Scrolls
 b - a scroll of teleportation {unknown}
 e - 2 scrolls of identify {unknown}
 i - 4 scrolls of magic mapping {unknown}
 j - a scroll of noise {unknown}
 n - a scroll of remove curse {unknown}
Potions
 f - a potion of might {unknown}
 g - 2 potions of lignification {unknown}
 h - a potion of magic {unknown}
 o - a potion of resistance {unknown}
Books
 c - a book of Minor Magic

   Spells                             Type                      Level
   a - Magic Dart                     Conjuration                  1
   b - Blink                          Translocation                2
   c - Call Imp                       Summoning                    2
   d - Repel Missiles                 Charms/Air                   2
   e - Slow                           Hexes                        2
   f - Conjure Flame                  Conjuration/Fire             3
   g - Mephitic Cloud                 Conjuration/Poison/Air       3
Comestibles
 d - a bread ration


   Skills:
 - Level 1.7 Dodging
 - Level 1.5 Stealth
 - Level 3.6 Spellcasting
 + Level 3.0 Conjurations
   Level 0.6 Summonings
 - Level 0.6 Translocations


You had one spell level left.
You knew the following spells:

 Your Spells              Type           Power        Failure   Level  Hunger
a - Magic Dart            Conj           ##..         6%          1    None
b - Blink                 Tloc           N/A          17%         2    ##.....
c - Mephitic Cloud        Conj/Pois/Air  #.......     34%         3    ###....
d - Conjure Flame         Conj/Fire      #.......     30%         3    ###....


Dungeon Overview and Level Annotations

Branches:
Dungeon (3/15)

Altars:
Xom


Innate Abilities, Weirdness & Mutations

You are too large for most types of armour.
You have tough skin (AC +1).


Message History

Confirm with . or Enter, or press ? or * to list all spells.
Aiming: Mephitic Cloud
Press: ? - help, Shift-Dir - straight line, f - bat
Aim: a bat That beam is likely to hit you.
Continue anyway?
You miscast Mephitic Cloud.
You are very lightly contaminated with residual magic.
You are lethally poisoned!
You feel sick.
* * * LOW HITPOINT WARNING * * *
You feel sick. The bat hits you but does no damage. The bat barely misses you.
The bat hits you but does no damage.
You miss the bat.
* * * LOW HITPOINT WARNING * * *
You feel sick. The bat hits you.
* * * LOW HITPOINT WARNING * * *
The bat hits you but does no damage.
You sock the bat!
You kill the bat!
You die...

#. ##.########
.......@.b#
##..#####h#
#!.### #.#
###....###h##
#..#...h....#
#h.....###..#
#+#P..<..###..#
..hg....)....#.#
...#P†##..##....


You could see a hound and a bat.

Vanquished Creatures
  3 adders (D:2)
  An ooze (D:1)
  A ball python (D:2)
  8 bats
  A giant cockroach (D:2)
  10 goblins
  2 hobgoblins (D:2)
  4 jackals
  5 giant newts
  7 kobolds
  6 rats
48 creatures vanquished.

Notes
Turn   | Place    | Note
--------------------------------------------------------------
     0 | D:1      | KrozogBurug the Ogre Wizard began the quest for the Orb.
     0 | D:1      | Reached XP level 1. HP: 16/16 MP: 5/5
    15 | D:1      | Reached skill level 1 in Conjurations
   128 | D:1      | Reached XP level 2. HP: 24/24 MP: 4/6
   227 | D:1      | Learned a level 2 spell: Blink
   439 | D:1      | Reached XP level 3. HP: 31/31 MP: 1/8
   501 | D:1      | Learned a level 3 spell: Mephitic Cloud
   505 | D:1      | Learned a level 3 spell: Conjure Flame
  1100 | D:2      | Reached XP level 4. HP: 31/39 MP: 3/9
  1327 | D:2      | Found a shimmering altar of Xom.
  1765 | D:3      | HP: 1/39 [bat (1)]
  1766 | D:3      | Succumbed to miscasting Mephitic Cloud's residual poison

Action                   |  1- 3 |  4- 6 || total
-------------------------+-------+-------++-------
Melee: Unarmed           |    28 |       ||    28
       Trident           |    33 |     1 ||    34
       Flail             |       |    23 ||    23
 Cast: Magic Dart        |    58 |     7 ||    65
       Blink             |       |     2 ||     2
       Mephitic Cloud    |       |     1 ||     1
  Eat: Chunk             |     1 |     1 ||     2
